AoeStats
← Hao

Arena

509858792Analyzed
1v1 RM · 5d ago on Sep 28, 2026· 54m 15s· 2 players
Game mode
Random Map
Map size
Tiny (2 player)
Population
200
Speed
Normal
Resources
Standard
Victory
Conquest
Starting age
Dark Age
Ending age
Imperial Age
RankedLock teamsTeams togetherTeam positionsShared explorationLock speedFull tech treeHidden civsTurbo modeCheats
Victory
Defeat
🇹🇼 Huns · Taiwan
915
+25
🇨🇳 Byzantines · China
875
-14
maorachow
8:39 Loom
10:50 Feudal Age
13:19 Double-Bit Axe
16:03 Castle Age
14:20 Horse Collar
20:44 Heavy Plow
22:25 Fervor
29:02 Imperial Age
26:56 Bow Saw
27:00 Stone Mining
27:06 Gold Mining
29:45 Wheelbarrow
29:56 Stone Shaft Mining
30:49 Gold Shaft Mining
30:35 Scale Mail Armor
31:03 Forging
30:56 Squires
31:01 Pikeman
32:25 Conscription
33:51 Crop Rotation
34:23 Two-Man Saw
34:26 Chemistry
33:56 Greek Fire
35:40 Hoardings
35:58 Guilds
37:03 Halberdier
38:58 Elite Skirmisher
40:23 Chain Mail Armor
40:17 Thumb Ring
40:36 Ballistics
40:38 Bombard Tower
40:16 Murder Holes
40:30 Scale Barding Armor
46:09 Treadmill Crane
49:36 Plate Mail Armor
50:03 Hand Cart
52:02 Padded Archer Armor
52:56 Fletching
Hao
10:03 Feudal Age
8:19 Loom
14:32 Castle Age
12:54 Double-Bit Axe
14:28 Loom
15:28 Bow Saw
24:03 Gold Mining
30:23 Imperial Age
28:32 Wheelbarrow
28:13 Fletching
28:24 Padded Archer Armor
28:26 Fletching
28:36 Padded Archer Armor
30:12 Hand Cart
29:46 Horse Collar
29:57 Light Cavalry
30:07 Pikeman
31:21 Leather Archer Armor
31:02 Bodkin Arrow
32:10 Chemistry
32:48 Two-Man Saw
33:01 Conscription
32:51 Bracer
33:19 Heavy Plow
32:56 Heavy Cavalry Archer
34:33 Gold Shaft Mining
34:31 Parthian Tactics
34:25 Thumb Ring
35:04 Husbandry
35:22 Bracer
35:45 Ballistics
35:30 Town Watch
36:24 Hussar
39:57 Marauders
39:57 Stone Mining
40:29 Bloodlines
39:49 Elite Tarkan
40:58 Scale Barding Armor
41:03 Forging
42:24 Chain Barding Armor
46:53 Plate Barding Armor
46:53 Iron Casting
Connection lost

Rejoining the realm…

Still unreachable

The connection could not be restored.

Session expired

The server has moved on; the page needs a fresh start.